AoeStats
← ASMODEUS7743

MegaRandom

506427810Analyzed
4v4 RM · 19d ago on Sep 13, 2026· 73m 18s· 8 players
Game mode
Random Map
Map size
Large (8 player)
Population
200
Speed
Normal
Resources
Standard
Victory
Conquest
Starting age
Dark Age
Ending age
Imperial Age
RankedLock teamsTeams togetherTeam positionsShared explorationLock speedFull tech treeHidden civsTurbo modeCheats
Victory
Defeat
🇪🇸 Sicilians · Spain
1239
+14
1223
+15
🇺🇸 Japanese · United States
1203
+16
🇺🇸 Mongols · United States
1174
+17
🇦🇷 Khmer · Argentina
1262
-18
🇷🇺 Ethiopians · Russia
1225
-17
🇫🇷 Huns · France
1177
-15
🇨🇾 Mongols · Cyprus
1121
-12
Pished
9:35 Loom
12:07 Feudal Age
12:52 Fishing Lines
17:12 Castle Age
15:47 Double-Bit Axe
15:43 Horse Collar
17:55 Wheelbarrow
18:56 Bow Saw
21:03 Elite Skirmisher
22:34 Gillnets
26:17 Hand Cart
26:46 Gold Mining
26:54 Fletching
27:26 Ballistics
27:12 Stone Mining
28:57 Heavy Plow
29:36 Gold Shaft Mining
29:22 Thumb Ring
29:24 Padded Archer Armor
29:41 Bodkin Arrow
34:18 Imperial Age
34:21 Leather Archer Armor
33:36 Pikeman
34:16 Squires
34:19 Scale Mail Armor
34:29 Forging
34:39 Bloodlines
34:30 Husbandry
35:07 Bracer
36:13 Chemistry
34:56 Heavy Cavalry Archer
36:27 Parthian Tactics
36:56 Conscription
38:10 Halberdier
41:59 Ring Archer Armor
41:29 Scale Mail Armor
41:40 Forging
42:15 Yasama
42:52 Hoardings
43:07 Guard Tower
43:28 Masonry
43:05 Arrowslits
45:18 Kataparuto
46:27 Keep
46:02 Town Watch
46:51 Siege Engineers
46:54 Halberdier
48:22 Murder Holes
48:55 Chain Mail Armor
49:15 Iron Casting
48:55 Light Cavalry
50:11 Scale Barding Armor
50:36 Plate Mail Armor
50:30 Man-at-Arms
50:56 Gambesons
52:00 Long Swordsman
52:26 Arson
53:44 Blast Furnace
53:07 Two-Handed Swordsman
54:15 Champion
57:58 Heavy Plow
nayman
2:36 Loom
11:01 Feudal Age
12:17 Double-Bit Axe
14:23 Bloodlines
15:09 Forging
24:02 Castle Age
22:22 Fletching
23:21 Fishing Lines
24:00 Gold Mining
25:44 Bodkin Arrow
27:48 Wheelbarrow
29:51 Thumb Ring
32:01 Gold Shaft Mining
32:37 Ballistics
Thorin Escudo de Roble
6:04 Loom
8:22 Feudal Age
20:54 Castle Age
20:39 Scale Barding Armor
20:47 Bloodlines
22:04 Husbandry
23:36 Double-Bit Axe
25:39 Chain Barding Armor
35:42 Imperial Age
34:36 Forging
35:54 Iron Casting
36:43 Light Cavalry
38:48 Plate Barding Armor
41:33 Wheelbarrow
41:10 Bow Saw
41:37 Hussar
42:18 Horse Collar
44:17 Cavalier
47:10 Blast Furnace
54:12 Hand Cart
55:29 Elite Monaspa
71:51 Heavy Plow
ASMODEUS7743
5:57 Loom
14:20 Feudal Age
15:17 Double-Bit Axe
15:57 Horse Collar
23:11 Castle Age
22:52 Forging
25:22 Wheelbarrow
24:56 Scale Barding Armor
25:19 Gold Mining
25:20 Stone Mining
25:44 Bow Saw
25:18 Fishing Lines
26:25 Heavy Plow
28:42 Husbandry
28:52 Bloodlines
30:13 Chain Barding Armor
30:28 Iron Casting
32:08 Hand Cart
31:38 Town Watch
antoine123k
8:57 Loom
11:18 Feudal Age
11:44 Double-Bit Axe
16:04 Bloodlines
21:48 Castle Age
20:42 Fletching
21:26 Gold Mining
23:32 Bloodlines
24:10 Padded Archer Armor
26:17 Scale Mail Armor
26:39 Stone Mining
31:50 Thumb Ring
33:39 Wheelbarrow
35:30 Bow Saw
37:39 Bodkin Arrow
37:59 Leather Archer Armor
37:59 Horse Collar
39:58 Elite Skirmisher
42:58 Forging
42:18 Pikeman
48:43 Squires
49:22 Iron Casting
50:28 Chain Mail Armor
52:32 Ballistics
59:22 Fishing Lines
59:40 Light Cavalry
61:39 Hand Cart
62:23 Husbandry
63:34 Heavy Plow
70:36 Caravan
roman.gringo
7:50 Loom
10:13 Feudal Age
14:52 Fletching
24:24 Castle Age
23:00 Double-Bit Axe
24:22 Gold Mining
25:21 Bodkin Arrow
24:51 Crossbowman
25:37 Thumb Ring
26:42 Wheelbarrow
26:29 Padded Archer Armor
28:17 Ballistics
35:53 Leather Archer Armor
36:32 Hand Cart
40:14 Gold Shaft Mining
44:00 Imperial Age
44:46 Forging
44:36 Scale Mail Armor
44:22 Arbalester
45:40 Bracer
47:11 Ring Archer Armor
47:00 Chain Mail Armor
49:01 Conscription
51:46 Elite Shotel Warrior
52:55 Elite Skirmisher
62:35 Halberdier
JonnyD
12:22 Feudal Age
12:57 Double-Bit Axe
13:30 Loom
18:54 Castle Age
17:25 Scale Mail Armor
17:33 Scale Barding Armor
17:27 Stone Mining
18:56 Gold Mining
21:12 Fishing Lines
22:53 Gillnets
25:11 Chain Barding Armor
27:10 Gold Shaft Mining
28:36 Wheelbarrow
29:50 Hand Cart
32:10 Imperial Age
30:00 Fletching
30:24 Forging
30:39 Husbandry
31:21 Bow Saw
31:28 Hand Cart
30:59 Town Watch
33:52 Conscription
33:39 Bodkin Arrow
34:21 Iron Casting
34:40 Bracer
35:49 Stone Shaft Mining
36:02 Gold Shaft Mining
35:29 Town Patrol
36:09 Ballistics
36:51 Chemistry
36:27 Padded Archer Armor
36:44 Chain Mail Armor
39:08 Blast Furnace
38:40 Plate Mail Armor
38:26 Leather Archer Armor
38:27 Bloodlines
39:19 Herbal Medicine
39:32 Siege Engineers
39:23 Murder Holes
39:40 Fortified Wall
41:41 Elite Mangudai
42:02 Light Cavalry
42:03 Cavalier
44:48 Elite Steppe Lancer
44:49 Hussar
45:57 Thumb Ring
50:02 Nomads
Sir Monkey
10:31 Feudal Age
12:40 Scale Barding Armor
12:45 Forging
15:28 Double-Bit Axe
16:40 Loom
23:17 Horse Collar
26:54 Castle Age
28:02 Chain Barding Armor
27:56 Gold Mining
31:08 Light Cavalry
34:31 Heavy Plow
37:19 Gold Shaft Mining
37:21 Bloodlines
Connection lost

Rejoining the realm…

Still unreachable

The connection could not be restored.

Session expired

The server has moved on; the page needs a fresh start.